 Dungeon Crawl Stone Soup version 0.21-a0-358-g8928369 (webtiles) character file.

9 Dfrag the Firebug (level 2, 9/19 HPs)
             Began as a Demonspawn Fire Elementalist on Oct 12, 2017.
             Quit the game on level 1 of the Dungeon.
             The game lasted 00:00:24 (311 turns).

Dfrag the Firebug (Demonspawn Fire Elementalist)     Turns: 311, Time: 00:00:25

Health: 9/19       AC:  2    Str:  8    XL:     2   Next: 6%
Magic:  1/5        EV: 12    Int: 16    God:
Gold:   25         SH:  0    Dex: 13    Spells: 4/5 levels left

rFire    . . .     SeeInvis .   (no weapon)
rCold    . . .     Gourm    .   (no shield)
rNeg     . . .     Faith    .   a - +0 robe
rPois    .         Spirit   .   (no helmet)
rElec    .         Reflect  .   (no cloak)
rCorr    .         Harm     .   (no gloves)
MR       .....                  (no boots)
Stlth    +++.......             (no amulet)
HPRegen  0.06/turn              (no ring)
MPRegen  0.09/turn              (no ring)

@: no status effects
A: nightstalker 1
a: no special abilities


You were on level 1 of the Dungeon.
You were not hungry.

You visited 1 branch of the dungeon, and saw 1 of its levels.

You collected 25 gold pieces.

Inventory:

Armour
 a - a +0 robe (worn)
Jewellery
 d - an uncursed amulet of guardian spirit {unknown}
Scrolls
 g - a scroll of magic mapping {unknown}
 h - 3 scrolls of identify {unknown}
 k - a scroll of fog {unknown}
Potions
 e - a potion of magic {unknown}
 f - a potion of might {unknown}
 i - a potion of agility {unknown}
Books
 b - a book of Flames

   Spells                             Type                      Level
   a - Flame Tongue                   Conjuration/Fire             1
   b - Throw Flame                    Conjuration/Fire             2
   c - Conjure Flame                  Conjuration/Fire             3
   d - Inner Flame                    Hexes/Fire                   3
   e - Sticky Flame                   Conjuration/Fire             4
   f - Fireball                       Conjuration/Fire             5
Comestibles
 c - a bread ration
 j - a meat ration


   Skills:
 - Level 1.7 Dodging
 - Level 1.7 Stealth
 + Level 2.2 Spellcasting
 + Level 1.4 Conjurations
 + Level 2.9 Fire Magic


You had 4 spell levels left.
You knew the following spells:

 Your Spells              Type           Power        Failure   Level  Hunger
a - Flame Tongue          Conj/Fire      #....        9%          1    #......


Dungeon Overview and Level Annotations

Branches:
Dungeon (1/15)

Altars:


Innate Abilities, Weirdness & Mutations

You are slightly more attuned to the shadows.


Message History

Press: ? - help, Shift-Dir - straight line, f - dart slug
Aim: a dart slug The flame tongue hits the dart slug.
The dart slug is almost dead.
The hobgoblin shouts!
The dart slug launches a dart at you. The slug dart hits you!
Casting: Flame Tongue
Confirm with . or Enter, or press ? or * to list all spells.
Aiming: Flame Tongue
Press: ? - help, Shift-Dir - straight line, f/p - dart slug
Aim: a dart slug (almost dead)
The flame tongue hits the dart slug.
You kill the dart slug!
You have reached level 2!
Your demonic ancestry asserts itself...
You slip into the darkness of the dungeon.
A ball python comes into view.
The ball python moves out of view.
Are you sure you want to abandon this character and quit the game? (Confirm with "yes".)

#####..........
#........
#..........
#........
#..........
#........
#.........#
#........
#.........#
#........
#.........#
#######..
#.........# #..
##..........
###
#....@......
#.....#.....
#.....#.....
#.....#.....
#....g# ....
#.....# ...
#.....# #......
####...


You could see a hobgoblin.

Vanquished Creatures
  A dart slug (D:1)
  2 bats (D:1)
  A giant cockroach (D:1)
  2 hobgoblins (D:1)
  A rat (D:1)
7 creatures vanquished.

Notes
Turn   | Place    | Note
-------+----------+-------------------------------------------
     0 | D:1      | Dfrag the Demonspawn Fire Elementalist began the quest for the Orb.
     0 | D:1      | Reached XP level 1. HP: 13/13 MP: 3/3
   308 | D:1      | Gained mutation: You are slightly more attuned to the shadows. [demonic ancestry]
   308 | D:1      | Reached XP level 2. HP: 9/19 MP: 1/5
   311 | D:1      | Quit the game

Vault maps used:
D:1:      kilobyte_arrival_exit_the_forest, minmay_pentomino_r2

Action                   || total
-------------------------++-------
Melee: Unarmed           ||     7
 Cast: Flame Tongue      ||    12
Armor: Robe              ||     2
Dodge: Dodged            ||    16

Table legend:
 A = Spawn XP
 B = Non-spawn XP
 C = Spawn XP percentage of total XP
 D = Spawn monster count
 E = Non-spawn monster count
 F = Spawn count percentage of total count
 G = Total turns spent on level
                    A         B        C        D         E        F      G
               +---------+---------+-------+---------+---------+-------+---------
         Total |       0 |      14 |   0.0 |       0 |       7 |   0.0 |   311
               +---------+---------+-------+---------+---------+-------+---------
           D:1 |       0 |      14 |   0.0 |       0 |       7 |   0.0 |   311
               +---------+---------+-------+---------+---------+-------+---------
